 Dungeon Crawl Stone Soup version 0.29-a0-483-g69413ace17 (webtiles) character file.

Game seed: 13079516042028019803

10 Hubjo the Firebug (level 2, -1/16 HPs)
             Began as a Deep Elf Fire Elementalist on May 25, 2022.
             Slain by a hobgoblin (3 damage)
             ... on level 1 of the Dungeon.
             The game lasted 00:00:35 (488 turns).

Hubjo the Firebug (Deep Elf Fire Elementalist)       Turns: 488, Time: 00:00:35

Health: -1/16      AC:  2    Str:  5    XL:     2   Next: 10%
Magic:  0/8        EV: 12    Int: 19    God:
Gold:   0          SH:  0    Dex: 15    Spells: 6/7 levels left

rFire   . . .      SeeInvis .   (no weapon)
rCold   . . .      Faith    .   (no shield)
rNeg    . . .      Spirit   .   a - +0 robe
rPois   .          Reflect  .   (no helmet)
rElec   .          Harm     .   (no cloak)
rCorr   .          Rampage  .   (no gloves)
Will    .....                   (no boots)
Stlth   ++........              (no amulet)
HPRegen 0.05/turn               (no ring)
MPRegen 0.11/turn               (no ring)

@: no status effects
A: no striking features
a: no special abilities


You were on level 1 of the Dungeon.
You visited 1 branch of the dungeon, and saw 1 of its levels.

Inventory:

Armour
 a - a +0 robe (worn)
Scrolls
 c - 2 scrolls of amnesia
Potions
 b - a potion of magic


   Skills:
 * Level 0.7 Fighting
 - Level 2.4 Dodging
 + Level 2.7 Stealth
 + Level 3.2 Spellcasting
 - Level 1.1 Conjurations
 + Level 3.4 Fire Magic


You had 6 spell levels left.
You knew the following spells:

 Your Spells              Type           Power      Damage    Failure   Level
a - Foxfire               Conj/Fire      44%        2x1d6     6%          1

Your spell library contained the following spells:

 Spells                   Type           Power      Damage    Failure   Level
 Scorch                   Fire           32%        2d7       5%          2
 Conjure Flame            Conj/Fire      11%        6-21      19%         3
 Inner Flame              Hex/Fire       9%         N/A       22%         3
 Flame Wave               Conj/Fire      11%        2d5       52%         4


Dungeon Overview and Level Annotations

Branches:
Dungeon (1/15)

Altars:


Message History

The hobgoblin barely misses you. The hobgoblin closely misses you.
Your magical contamination has completely faded away.
You see here 18 stones.
The hobgoblin attacks as you move away! The hobgoblin hits you.
You miscast Foxfire.
You are very lightly contaminated with residual magic.
Nothing appears to happen.
The hobgoblin hits you but does no damage.
Casting: Foxfire (safe; 6% risk of failure)
Confirm with . or Enter, or press ? or * to list all spells.
You don't have enough magic to cast this spell.
A kobold comes into view. It is wielding a +0 dagger.
The kobold barely misses you. The kobold barely misses you.
Found 3 scrolls labelled HIOPPI NIDAE.
Casting: Foxfire (safe; 6% risk of failure)
Confirm with . or Enter, or press ? or * to list all spells.
You conjure some foxfire!
The kobold barely misses you.
The endoplasm jiggles.
Your magical contamination has completely faded away.
Your foxfire dissipates!
The kobold attacks as you move away! The kobold misses you.
The foxfire hits the kobold.
The kobold is moderately wounded.
The kobold attacks as you move away! The kobold completely misses you.
The kobold hits you with a +0 dagger. The kobold attacks as you move away!
The kobold barely misses you.
An endoplasm comes into view.
The kobold attacks as you move away! The kobold hits you but does no damage.
Casting: Foxfire (safe; 6% risk of failure)
Confirm with . or Enter, or press ? or * to list all spells.
You conjure some foxfire!
The kobold hits you with a +0 dagger.
Your foxfire dissipates!
The foxfire hits the kobold.
You kill the kobold!
The hobgoblin attacks as you move away! The hobgoblin hits you.
* * * LOW HITPOINT WARNING * * *
The hobgoblin attacks as you move away! The hobgoblin hits you.
You die...

### #.# #.#.##.? ..# #†#
#.#.##.#
#.#####†###.#.##.##########
#.........(.....J..........
.>..#######.#.#####.#######
.#..# #.#.# #J# .#.†# #.#.#
#.#
##..#######.#.#####J####
.#.>............@g.....#
.#..#######.#.#.######..#
.#..#### #.#.#. .# .......#
.. .# .#####.####.###. .J
............# #. #
######)###### #. .......#
## ######## #.#


You could see an endoplasm and a hobgoblin.

Vanquished Creatures
  A ball python (D:1)
  A giant cockroach (D:1)
  2 hobgoblins (D:1)
  2 jackals (D:1)
  A goblin (D:1)
  A kobold (D:1)
  A rat (D:1)
9 creatures vanquished.

Vanquished Creatures (others)
  54 foxfires (D:1)
54 creatures vanquished.

Grand Total: 63 creatures vanquished

Notes
Turn   | Place    | Note
-------+----------+-------------------------------------------
     0 | D:1      | Hubjo the Deep Elf Fire Elementalist began the quest for
                  | the Orb.
     0 | D:1      | Reached XP level 1. HP: 10/10 MP: 6/6
   449 | D:1      | Reached XP level 2. HP: 16/16 MP: 4/8
   488 | D:1      | Slain by a hobgoblin

Illustrated notes

Levels and vault maps discovered:
D:1:      amcnicky_arrival_single_pillar, layout_basic,
          chequers_serial_rivers_micro_d, moated_statue

Action                   || total
-------------------------++-------
Melee: Unarmed           ||     1
 Cast: Foxfire           ||    40
  Use: Scroll            ||     1
Armor: Robe              ||     4
Dodge: Dodged            ||    20

Table legend: (Time is in decaauts)
 A = Elapsed time spent in this place.
 B = Non-inter-level travel time spent in this place.
 C = Inter-level travel time spent in this place.
 D = Time resting spent in this place.
 E = Time spent auto-exploring this place.
 F = Levels seen in this place.
 G = Mean time per level.
                   A        B        C        D        E       F      G
               +--------+--------+--------+--------+--------+-----+--------+
         Total |    488 |    488 |      0 |      0 |    387 |   1 |  488.0 |
       Dungeon |    488 |    488 |      0 |      0 |    387 |   1 |  488.0 |
               +--------+--------+--------+--------+--------+-----+--------+

Top non-repeatable levels by time:
     D:1: 488 daAuts
